 Dungeon Crawl Stone Soup version 0.20-a0-960-ge493e74 (webtiles) character file.

38 MrRokkomies the Bolt Thrower (level 3, 0/23 HPs)
             Began as a Kobold Hunter on Apr 7, 2017.
             Slain by Natasha (7 damage)
             ... on level 2 of the Dungeon.
             The game lasted 00:01:24 (716 turns).

MrRokkomies the Bolt Thrower (Kobold Hunter)         Turns: 716, Time: 00:01:25

Health: 0/23       AC:  5    Str: 10    XL:     3   Next: 65%
Magic:  3/3        EV: 13    Int: 12    God:
Gold:   68         SH:  0    Dex: 15    Spells: 2/2 levels left

rFire    . . .     SeeInvis .   b - +0 short sword
rCold    . . .     Gourm    .   (shield restricted)
rNeg     + . .     Faith    .   j - +0 ring mail {rN+}
rPois    .         Spirit   .   (no helmet)
rElec    .         Reflect  .   (no cloak)
rCorr    .         Harm     .   (no gloves)
MR       .....                  (no boots)
Stlth    +.........             (no amulet)
Regen    0.1/turn               (no ring)
MPRegen  0.1/turn               (no ring)

@: slowed, very slow
A: carnivore 3
a: no special abilities


You were on level 2 of the Dungeon.
You were not hungry.

You visited 1 branch of the dungeon, and saw 2 of its levels.

You collected 68 gold pieces.

Inventory:

Hand Weapons
 a - a +1 hand crossbow
 b - a +0 short sword (weapon)
Missiles
 d - 10 bolts
Armour
 j - a +0 ring mail of positive energy (worn)
Scrolls
 c - a scroll of fear {unknown}
 i - 2 scrolls of teleportation
Potions
 e - a potion of ambrosia {unknown}
 k - a potion of curing {unknown}
Comestibles
 f - a meat ration
 g - a royal jelly


   Skills:
 * Level 3.4 Fighting
 * Level 5.4 Crossbows
 - Level 2.4 Dodging
 - Level 1.3 Stealth


You had 2 spell levels left.
You didn't know any spells.

Dungeon Overview and Level Annotations

Branches:
Dungeon (2/15)

Altars:
The Shining One

Annotations:
D:2 Natasha


Innate Abilities, Weirdness & Mutations

You are small and have problems with some larger weapons.
You are carnivorous and can eat meat at any time.


Message History

Press: ? - help, Shift-Dir - straight line You shoot a bolt.
Something claws you. Something claws you but does no damage.
b - a +0 short sword (weapon)
You miss something.
You hear some strange, mumbled words.
You feel yourself slow down.
You barely miss something. Something barely misses you. Something claws you.
You miss something. Something completely misses you.
You hit something but do no damage. Something claws you.
You hear some strange, mumbled words.
Something tries to affect you, but you resist.
You barely miss something.
You hear some strange, mumbled words.
A magic dart appears from out of thin air!
The magic dart hits you! Something claws you but does no damage.
You closely miss something.
You hear some strange, mumbled words.
Something tries to affect you, but you resist.
You hit something but do no damage. Something claws you!
You die...

######.(... ..........
.......... .......(.
.....!... #.......#
#......{# #@# #.#
#.############
#.##.........#
#.##.........#
#.##.........#
#.##.........#
#.##.........#
######.##.........#####


There were no monsters in sight!

Vanquished Creatures
  Natasha (D:2)
  A dart slug (D:2)
  2 giant cockroaches (D:1)
  2 goblins
  A quokka (D:1)
  A bat (D:1)
  A kobold (D:1)
  4 rats (D:1)
13 creatures vanquished.

Notes
Turn   | Place    | Note
-------+----------+-------------------------------------------
     0 | D:1      | MrRokkomies the Kobold Hunter began the quest for the Orb.
     0 | D:1      | Reached XP level 1. HP: 12/12 MP: 1/1
   216 | D:1      | Reached skill level 5 in Crossbows
   307 | D:1      | Reached XP level 2. HP: 12/18 MP: 2/2
   661 | D:2      | Found a glowing golden altar of the Shining One.
   692 | D:2      | Noticed Natasha
   698 | D:2      | Killed Natasha
   698 | D:2      | Reached XP level 3. HP: 23/23 MP: 3/3
   702 | D:2      | Noticed Natasha
   716 | D:2      | Slain by Natasha

Vault maps used:
D:1:      minmay_arrival_widening_spiral_wide
D:2:      lemuel_doored_altar, zin_purify, uniq_crazy_yiuf_cottage,
          uniq_natasha, uniq_jessica, uniq_sigmund

Skill      XL: |  1  2 |
---------------+-------+-----
Crossbows      | 5 |  5.4
Fighting       | 3 |  3.4
Dodging        | |  2.4
Stealth        | |  1.3

Action                   || total
-------------------------++-------
Melee: Short sword       ||    60
 Fire: Hand crossbow     ||    11
  Use: Scroll            ||     5
 Stab: Sleeping          ||     1
Armor: Leather armour    ||     7
       Ring mail         ||    12
Dodge: Dodged            ||    39
